 Seeded DCSS version 0.29.1-4-g47bece8355 (webtiles) character file.

Game seed: 1 (custom seed)

683 Kazon the Trooper (level 7, -6/47 HPs)
             Began as a Gargoyle Berserker on Dec 6, 2022.
             Was a Priest of Trog.
             Killed from afar by Eustachio (14 damage)
             ... with a puff of flame
             ... on level 5 of the Dungeon.
             The game lasted 00:14:37 (3090 turns).

Kazon the Trooper (Gargoyle Berserker)              Turns: 3090, Time: 00:14:37

Health: -6/47      AC: 11    Str: 20    XL:     7   Next: 61%
Magic:  7/7        EV: 13    Int: 12    God:    Trog [***...]
Gold:   324        SH:  0    Dex:  9    Spells: 6/6 levels left

rFire   . . .      SeeInvis .   c - +1 executioner's axe "Iriturph Owae" {flame, Int+2}
rCold   . . .      Faith    .   (shield currently unavailable)
rNeg    + + .      Spirit   .   l - +0 animal skin
rPois   ∞          Reflect  .   j - +0 helmet
rElec   +          Harm     .   (no cloak)
rCorr   .          Rampage  .   (no gloves)
Will    ++...                   k - +2 pair of boots
Stlth   +++.......              d - amulet of the acrobat
HPRegen 1.15/turn               q - ring of positive energy
MPRegen 0.10/turn               (no ring)

@: strong-willed (expiring), on berserk cooldown, regenerating (expiring),
slowed, very slow
A: sickness immunity, AC +4, negative energy resistance 1, electricity
resistance, torment resistance 1, petrification resistance
a: Renounce Religion, Berserk, Trog's Hand


You were on level 5 of the Dungeon.
You worshipped Trog.
Trog was most pleased with you.
You visited 1 branch of the dungeon, and saw 5 of its levels.

You collected 324 gold pieces.

Inventory:

Hand Weapons
 c - the +1 executioner's axe "Iriturph Owae" (weapon) {flame, Int+2}
   (You acquired it on level 1 of the Dungeon)

   It burns those it strikes, dealing additional fire damage.
   Big, fiery blades are also staple armaments of hydra-hunters.
   Int:       It affects your intelligence (+2).
 e - a +2 dagger of venom
 r - a +0 mace
Missiles
 h - 10 stones (quivered)
 o - 5 boomerangs
Armour
 j - a +0 helmet (worn)
 k - a +2 pair of boots (worn)
 l - a +0 animal skin (worn)
Jewellery
 d - an amulet of the acrobat (around neck)
 q - a ring of positive energy (left hand)
Wands
 x - a wand of mindburst (20)
Scrolls
 i - 7 scrolls of identify
 m - a scroll of immolation {unknown}
 p - a scroll of poison {unknown}
 s - a scroll of teleportation {unknown}
 t - a scroll of magic mapping {unknown}
 v - a scroll of noise {unknown}
 w - a scroll of fog {unknown}
Potions
 a - a potion of ambrosia {unknown}
 b - 2 potions of berserk rage {unknown}
 f - a potion of flight {unknown}
 g - a potion of attraction {unknown}
 n - 2 potions of haste
 u - a potion of lignification {unknown}


   Skills:
 * Level 6.9 Fighting
 + Level 3.9 Short Blades
 + Level 5.3(5.7) Axes
 + Level 3.3(5.0) Maces & Flails
 + Level 4.2 Throwing
 + Level 5.3 Armour
 + Level 4.6 Dodging
 + Level 5.3 Stealth
 * Level 0.2 Evocations


You had 6 spell levels left.
You didn't know any spells.
Your spell library was empty.

Dungeon Overview and Level Annotations

Branches:
Dungeon (5/15)
 Temple: D:4-7

Altars:
Hepliaklqana

Shops:
D:3 (

Annotations:
D:5 Eustachio


Innate Abilities, Weirdness & Mutations

You are immune to sickness and miasma.
Your stone body is resilient. (AC +4)
You are immune to poison.
You resist negative energy. (rN+)
You are resistant to electric shocks. (rElec)
You are resistant to unholy torment.
You are immune to petrification.


Message History

The ufetubus hits you but does no damage.
The ufetubus closely misses you. The centaur barely misses you.
The centaur kicks you but does no damage.
Eustachio gestures wildly while chanting.
The crimson imp closely misses you.
The ufetubus hits you but does no damage.
The ufetubus misses you. The rat closely misses you.
The centaur hits you but does no damage.
The centaur kicks you but does no damage.
Eustachio barely misses you. The rat misses you. The ufetubus misses you.
The ufetubus hits you.
* * * LOW HITPOINT WARNING * * *
The crimson imp hits you.
* * * LOW HITPOINT WARNING * * *
The centaur hits you.
* * * LOW HITPOINT WARNING * * *
The centaur kicks you but does no damage.
Eustachio mumbles some strange words.
Eustachio blinks!
You barely miss the centaur. You slash the rat! You burn the rat.
You kill the rat!
The rat's corpse disappears in a puff of smoke!
You closely miss the crimson imp. You hit the crimson imp.
You slash the ufetubus! You burn the ufetubus.
You kill the ufetubus!
The ufetubus disappears in a puff of smoke!
The crimson imp disappears in a puff of smoke!
The centaur barely misses you.
The centaur kicks you but does no damage.
The centaur closely misses you.
The centaur kicks you but does no damage.
The crimson imp barely misses you.
Eustachio utters an oath, "I will die for my friends!"
Eustachio zaps a wand.
The puff of flame hits you but does no damage.
The centaur closely misses you.
The centaur kicks you but does no damage.
The crimson imp misses you. The rat barely misses you.
Eustachio zaps a wand.
The puff of flame hits you!
You die...

##### #..#
#...## ..[#
#....## ...#
#.....# #..#
#.....##..#
#. #....#..#
#..#†..#.5.#
#.~..5r@§##
#.(#...c§##
....#####..##
!.... ##@.#
.... #))##
... ##.)# ...
#..## ##..##
#...####


You could see Eustachio, a centaur, an iron imp (summoned), a crimson imp
(summoned) and a rat (summoned).

Vanquished Creatures
  A sky beast (D:5)
  3 scorpions (D:4)
  A hound (D:4)
  An orc priest (D:3)
  An iguana (D:4)
  Robin (D:3)
  4 gnolls
  6 adders
  An ufetubus (D:5)
  3 worms
  5 orcs
  11 endoplasms
  A giant cockroach (D:1)
  16 goblins
  9 hobgoblins
  A jackal (D:4)
  4 kobolds
  A quokka (D:1)
  4 ball pythons
  4 bats
  3 frilled lizards
  6 rats
87 creatures vanquished.

Notes
Turn   | Place    | Note
-------+----------+-------------------------------------------
     0 | D:1      | Kazon the Gargoyle Berserker began the quest for the Orb.
     0 | D:1      | Reached XP level 1. HP: 14/14 MP: 1/1
    32 | D:1      | Identified a scroll of acquirement
    32 | D:1      | Acquired the +1 executioner's axe "Iriturph Owae" {flame,
                  | Int+2}
   129 | D:1      | Reached XP level 2. HP: 13/19 MP: 2/2
   677 | D:2      | Reached skill level 1 in Axes
   679 | D:2      | Reached XP level 3. HP: 22/24 MP: 3/3
   763 | D:2      | Reached ** piety under Trog
  1205 | D:2      | Reached XP level 4. HP: 27/29 MP: 4/4
  1514 | D:3      | Reached skill level 1 in Throwing
  1656 | D:3      | Reached XP level 5. HP: 30/33 MP: 5/5
  1693 | D:3      | Found Umat's Antique Weapon Boutique.
  1844 | D:3      | Noticed Robin
  1853 | D:3      | Reached skill level 4 in Fighting
  1910 | D:3      | Killed Robin
  1919 | D:3      | Reached skill level 6 in Fighting
  1919 | D:3      | Reached skill level 5 in Armour
  1919 | D:3      | Reached skill level 5 in Stealth
  1919 | D:3      | Reached XP level 6. HP: 5/42 MP: 6/6
  2347 | D:4      | Reached skill level 5 in Axes
  2394 | D:4      | Reached XP level 7. HP: 47/47 MP: 7/7
  2596 | D:4      | Reached *** piety under Trog
  2661 | D:4      | Found a hazy altar of Hepliaklqana.
  3032 | D:5      | Entered Level 5 of the Dungeon
  3054 | D:5      | Noticed Eustachio
  3090 | D:5      | Killed from afar by Eustachio

Illustrated notes

Levels and vault maps discovered:
D:1:      dpeg_arrival_three_smaller_balls, layout_basic
D:2:      layout_loops_ring
D:3:      layout_basic, serial_shops, nicolae_shop_stone, st_stairs_9,
          minmay_misc_feat_doors, eino_curves_03, uniq_robin
D:4:      minmay_wonky_spiral, layout_basic,
          mainiacjoe_overflow_surrounded_room, minivault_5
D:5:      layout_cave_pods, uniq_menkaure, uniq_eustachio

Skill      XL: |  1  2  3  4  5  6 |
---------------+-------------------+-----
Axes           | 1 2 4 5 |  5.3
Throwing       | 1 4 |  4.2
Dodging        | 2 4 |  4.6
Fighting       | 6 |  6.9
Short Blades   | 3 |  3.9
Armour         | 5 |  5.3
Stealth        | 5 |  5.3
Maces & Flails | |  3.3
Evocations     | |  0.2

Action                   |  1- 3 |  4- 6 |  7- 9 || total
-------------------------+-------+-------+-------++-------
Melee: Executioner's axe |   114 |    97 |    32 ||   243
       Mace              |     2 |       |       ||     2
       Dagger            |       |    37 |    20 ||    57
       Punch             |       |     1 |       ||     1
Throw: Stone             |    10 |    16 |     5 ||    31
Invok: Trog's Hand       |       |     1 |     1 ||     2
       Berserk           |       |     1 |     1 ||     2
  Use: Scroll            |     1 |     1 |       ||     2
       Potion            |       |     1 |       ||     1
 Stab: Sleeping          |       |     1 |     5 ||     6
Armor: Animal skin       |    62 |    68 |    59 ||   189
Dodge: Dodged            |   116 |   113 |   132 ||   361
